 Dungeon Crawl Stone Soup version 0.23.2-40-g277498a001 (webtiles) character file.

Game seed: 486564383291662061

24130 Gildeon the Grappler (level 12, -8/123 HPs)
             Began as a Troll Fighter on Oct 5, 2019.
             Was the Champion of Okawaru.
             Mangled by a seven-headed hydra (11 damage)
             ... on level 2 of the Lair of Beasts.
             The game lasted 00:57:54 (12654 turns).

Gildeon the Grappler (Troll Fighter)               Turns: 12654, Time: 00:57:55

Health: -8/123     AC: 23    Str: 27    XL:     12   Next: 77%
Magic:  14/14      EV: 10    Int: 13    God:    Okawaru [******]
Gold:   973        SH:  0    Dex: 12    Spells: 14/16 levels left

rFire    . . .     SeeInvis +   J - +0 whip "Aporuick" {flame, rF+}
rCold    + . .     Gourm    +   (no shield)
rNeg     + . .     Faith    .   t - +1 pearl dragon scales
rPois    .         Spirit   .   (helmet restricted)
rElec    +         Reflect  .   w - +0 cloak "Caabbiu" {rElec Int+4}
rCorr    .         Harm     .   (gloves unavailable)
MR       .....                  (boots unavailable)
Stlth    ..........             (no amulet)
HPRegen  0.70/turn              E - ring of Meuwn {Ice Int+4 SInv}
MPRegen  0.14/turn              o - +4 ring of protection

@: no status effects
A: large, unfitting armour, claws 3, fast metabolism 3, gourmand, regeneration
1, shaggy fur 1, tough skin 3
a: Heroism, Finesse, Renounce Religion


You were on level 2 of the Lair of Beasts.
You worshipped Okawaru.
Okawaru was exalted by your worship.
You were full.

You visited 3 branches of the dungeon, and saw 16 of its levels.
You also visited: Ice Cave.

You collected 1173 gold pieces.
You spent 200 gold pieces at shops.

Inventory:

Hand Weapons
 I - a +9 giant spiked club
 J - the +0 whip "Aporuick" (weapon) {flame, rF+}
   (You took it off an orc on level 11 of the Dungeon)

   It has been specially enchanted to burn those struck by it, causing extra
   injury to most foes and up to half again as much damage against particularly
   susceptible opponents.
   It protects you from fire.
Armour
 n - +3 fire dragon scales
 t - +1 pearl dragon scales (worn)
 w - the +0 cloak "Caabbiu" (worn) {rElec Int+4}
   (You found it in an ice cave)

   It affects your intelligence (+4).
   It insulates you from electricity.
Jewellery
 b - an uncursed ring of poison resistance
 c - an uncursed ring of protection from magic
 o - a +4 ring of protection (right claw)
 q - an uncursed ring of ice
 C - an uncursed ring of protection from magic
 E - the ring of Meuwn (left claw) {Ice Int+4 SInv}
   (You found it in an ice cave)

   [ring of ice]

   It enhances your ice magic.
   It affects your intelligence (+4).
   It makes you vulnerable to fire.
   It protects you from cold.
   It lets you see invisible.
Wands
 e - a wand of digging (2)
 h - a wand of flame (4)
 l - a wand of paralysis (25)
 p - a wand of iceblast (14)
 y - a wand of polymorph (10)
 A - a wand of acid (12)
Scrolls
 g - 4 scrolls of teleportation
 i - 9 scrolls of remove curse
 j - 4 scrolls of fog
 k - 3 scrolls of magic mapping
 r - a scroll of fear
 v - a scroll of summoning {unknown}
 z - a scroll of blinking {unknown}
 B - a scroll of noise {unknown}
 D - a scroll of vulnerability {unknown}
 H - 3 scrolls of acquirement
 K - 4 scrolls of amnesia
 M - 2 scrolls of enchant weapon
 P - a scroll of silence {unknown}
Potions
 a - a potion of magic
 f - a potion of resistance
 m - 4 potions of flight
 s - a potion of lignification
 u - a potion of haste
 x - 4 potions of curing
 F - a potion of agility
 G - a potion of mutation
 L - a potion of brilliance
 N - a potion of heal wounds
Comestibles
 d - 29 rations


   Skills:
 + Level 9.2 Fighting
 - Level 2.5 Maces & Flails
 + Level 6.9 Armour
 - Level 5.0 Dodging
   Level 2.4 Shields
 + Level 12.8 Unarmed Combat
 - Level 2.6 Spellcasting
 - Level 2.5 Hexes
 - Level 2.5 Transmutations
 - Level 5.0 Invocations
 - Level 2.5 Evocations


You had 14 spell levels left.
You knew the following spells:

 Your Spells              Type           Power        Failure   Level  Hunger
a - Confusing Touch       Hex            #.....       21%         1    #......
b - Beastly Appendage     Tmut           #.....       21%         1    #......

Your spell library contained the following spells:

 Spells                   Type           Power        Failure   Level  Hunger
 Sticks to Snakes         Tmut           #.......     30%         2    ###....
 Passwall                 Tmut/Erth      #.......     45%         2    ###....
 Sandblast                Erth           #.....       50%         1    #......
 Summon Butterflies       Summ           #.......     50%         1    #......
 Summon Small Mammal      Summ           #...         50%         1    #......
 Confuse                  Hex            #.......     52%         3    ###....
 Call Imp                 Summ           #.......     65%         2    ###....
 Spider Form              Tmut/Pois      #.........   69%         3    ###....
 Call Canine Familiar     Summ           #.......     86%         3    ###....
 Gell's Gravitas          Tloc           #.........   86%         3    ###....
 Regeneration             Chrm/Necr      #.........   86%         3    ###....
 Stone Arrow              Conj/Erth      #.....       86%         3    ###....
 Ice Form                 Ice/Tmut       #.......     97%         4    #####..
 Petrify                  Tmut/Erth      #.......     97%         4    #####..
 Summon Ice Beast         Ice/Summ       #.......     99%         4    #####..
 Blade Hands              Tmut           #.........   99%         5    ######.
 Yara's Violent Unravell  Hex/Tmut       #.........   99%         5    ######.
 Lee's Rapid Deconstruct  Erth           #.........   100%        5    ######.
 Metabolic Englaciation   Hex/Ice        #.........   100%        5    ######.
 Summon Mana Viper        Hex/Summ       #.......     100%        5    ######.
 Deflect Missiles         Chrm/Air       #.........   100%        6    #######
 Malign Gateway           Summ/Tloc      #.........   100%        7    #######
 Summon Hydra             Summ           #.........   100%        7    #######


Dungeon Overview and Level Annotations

Branches:
Dungeon (13/15)            Temple (1/1) D:4            Lair (2/6) D:11
    Orc (0/2) D:10         Vaults (0/5) D:13
  Swamp: Lair:2-4    Shoals: Lair:2-4     Snake: Lair:2-4    Spider: Lair:2-4

Altars:
Ashenzari
Cheibriados
Dithmenos
Elyvilon
Fedhas
Gozag
Hepliaklqana
Kikubaaqudgha
Makhleb
Nemelex Xobeh
Okawaru
Qazlal
Ru
Sif Muna
Trog
Uskayaw
Vehumet
Wu Jian
Xom
Yredelemnul
Zin
The Shining One

Shops:
D:4 :[   D:8 [

Portals:
Trove: D:12 (give +8 demon trident)

Annotations:
Lair:1 exclusion: oklob plant


Innate Abilities, Weirdness & Mutations

You are too large for most types of armour.
You have claws for hands.
Your metabolism is lightning-fast.
You like to eat raw meat.
Your natural rate of healing is unusually fast.
You are covered in fur. (AC +1)
You have extremely tough skin. (AC +3)


Message History

The seven-headed hydra bites you but does no damage. x2
The seven-headed hydra barely misses you.
You hit the seven-headed hydra but do no damage.
The seven-headed hydra is severely wounded.
The seven-headed hydra bites you but does no damage. x2
The seven-headed hydra bites you.
* * * LOW HITPOINT WARNING * * *
The seven-headed hydra bites you!
* * * LOW HITPOINT WARNING * * *
The seven-headed hydra barely misses you.
The seven-headed hydra bites you.
* * * LOW HITPOINT WARNING * * *
The seven-headed hydra barely misses you.
You hit the seven-headed hydra. You burn the seven-headed hydra.
The seven-headed hydra is almost dead.
The seven-headed hydra bites you.
* * * LOW HITPOINT WARNING * * *
The seven-headed hydra barely misses you.
The seven-headed hydra bites you!
You die...

..#
###############<.#
....?............#
.................#
.................#
.................
............P##.
.........D@...#
.............##
....(.......#.#
.#..#........ ..
#####........ ..#
........... .#
...♣...♣..... .
..♣.... ♣.....


You could see a seven-headed hydra.

Vanquished Creatures
  A frost giant (IceCv)
  Erica (D:9)
  2 dancing weapons (D:13)
  Urug (Lair:1)
  Pikel (D:7)
  3 ugly things
  A manticore (D:13)
  A cyclops (D:11)
  A black mamba (Lair:1)
  3 spiny frogs (Lair:1)
  An efreet (D:13)
  17 polar bears (IceCv)
  Prince Ribbit (D:6)
  A troll (shapeshifter) (D:13)
  3 blink frogs (Lair:1)
  A slime creature (D:10)
  3 hippogriffs
  17 yaks (IceCv)
  2 wraiths
  A basilisk (Lair:1)
  3 vampire mosquitoes (D:13)
  An acid dragon (D:11)
  A soldier ant (D:9)
  A porcupine (Lair:1)
  4 water moccasins (Lair:1)
  3 orc warriors
  2 black bears
  3 sky beasts
  An ogre (D:11)
  2 ice beasts
  2 necrophages
  A phantom (D:8)
  12 wolves (IceCv)
  A crocodile (Lair:1)
  9 centaurs
  2 big kobolds
  9 bullfrogs
  A gnoll sergeant (D:7)
  3 scorpions
  A water moccasin zombie (D:6)
  A water moccasin skeleton (D:8)
  5 killer bees (D:9)
  6 wights
  8 howler monkeys
  3 electric eels (D:7)
  8 crimson imps
  A centaur zombie (D:6)
  8 jellies
  2 orc priests
  5 hounds
  3 centaur skeletons
  Jessica (D:3)
  5 iguanas
  11 worker ants
  11 orc wizards
  A hound zombie (D:6)
  2 hound skeletons
  14 gnolls
  13 adders
  2 shadow imps (D:6)
  10 oozes
  6 worms
  6 dart slugs
  3 leopard geckos
  38 orcs
  6 giant cockroaches
  9 goblins
  6 hobgoblins
  15 jackals
  25 kobolds
  5 quokkas
  3 ball pythons
  3 bats
  7 frilled lizards
  A jackal zombie (D:8)
  4 quokka skeletons
  7 rats
  2 plants
390 creatures vanquished.

Vanquished Creatures (others)
  A polar bear (IceCv)
  An orc wizard (D:7)
  A worker ant (D:13)
  A giant cockroach (D:8)
  A bat (D:2)
  A fungus (Lair:1)
  14 toadstools (Lair:1)
20 creatures vanquished.

Grand Total: 410 creatures vanquished

Notes
Turn   | Place    | Note
-------+----------+-------------------------------------------
     0 | D:1      | Gildeon the Troll Fighter began the quest for the Orb.
     0 | D:1      | Reached XP level 1. HP: 22/22 MP: 0/0
   130 | D:1      | Reached XP level 2. HP: 24/29 MP: 1/1
   892 | D:2      | Reached XP level 3. HP: 29/36 MP: 2/2
   940 | D:2      | Found an ancient bone altar of Kikubaaqudgha.
  1003 | D:2      | Found an ornate altar of the Wu Jian Council.
  1200 | D:2      | Reached skill level 3 in Unarmed Combat
  1214 | D:2      | Reached XP level 4. HP: 45/45 MP: 3/3
  1318 | D:2      | Found a basalt altar of Yredelemnul.
  1321 | D:2      | Noticed a profane servitor
  1622 | D:2      | Found a glowing golden altar of the Shining One.
  1624 | D:2      | Noticed an angel
  1877 | D:3      | Reached XP level 5. HP: 53/53 MP: 4/4
  2524 | D:3      | Found a blossoming altar of Fedhas.
  2538 | D:3      | Noticed Jessica
  2545 | D:3      | Killed Jessica
  2545 | D:3      | Reached skill level 4 in Unarmed Combat
  2545 | D:3      | Reached XP level 6. HP: 62/62 MP: 5/5
  2778 | D:4      | Found a staircase to the Ecumenical Temple.
  2842 | Temple   | Entered the Ecumenical Temple
  2900 | Temple   | Became a worshipper of Warmaster Okawaru
  3105 | D:4      | Found a glowing silver altar of Zin.
  3194 | D:4      | Reached XP level 7. HP: 70/70 MP: 6/6
  3370 | D:4      | Found Plog's Book Boutique.
  3378 | D:4      | Bought a book of Misfortune for 200 gold pieces
  3380 | D:4      | Learned a level 1 spell: Confusing Touch
  3706 | D:4      | Found Viffa's Armour Shop.
  3815 | D:5      | Entered Level 5 of the Dungeon
  4210 | D:5      | Learned a level 1 spell: Beastly Appendage
  4298 | D:5      | Found a hazy altar of Hepliaklqana.
  4298 | D:5      | Found a shattered altar of Ashenzari.
  4337 | D:6      | Reached skill level 5 in Unarmed Combat
  4389 | D:6      | Reached * piety under Okawaru
  4478 | D:6      | Reached skill level 5 in Fighting
  4478 | D:6      | Reached skill level 5 in Dodging
  4486 | D:6      | Reached XP level 8. HP: 59/80 MP: 7/7
  4594 | D:6      | Reached skill level 1 in Armour
  4599 | D:6      | Reached skill level 6 in Unarmed Combat
  4615 | D:6      | Reached skill level 1 in Spellcasting
  4760 | D:6      | Found a shimmering altar of Xom.
  4901 | D:6      | Found a radiant altar of Vehumet.
  4901 | D:6      | Found a burning altar of Makhleb.
  4908 | D:6      | Reached ** piety under Okawaru
  5004 | D:7      | Noticed Prince Ribbit
  5016 | D:6      | HP: 4/80 [Prince Ribbit (12)]
  5155 | D:6      | Killed Prince Ribbit
  5226 | D:7      | Reached skill level 7 in Unarmed Combat
  5280 | D:7      | Reached XP level 9. HP: 74/88 MP: 11/11
  5302 | D:7      | You fall through a shaft for 3 floors!
  5302 | D:10     | Entered Level 10 of the Dungeon
  5395 | D:10     | Reached *** piety under Okawaru
  5516 | D:10     | Reached skill level 1 in Invocations
  5595 | D:10     | Found a staircase to the Orcish Mines.
  5616 | D:10     | Noticed a two-headed ogre
  5619 | D:10     | a two-headed ogre changed into a slime creature
  6060 | D:9      | Noticed Joseph
  6070 | D:9      | Noticed Joseph
  6070 | D:9      | Joseph changed into Joseph the soldier ant
  6079 | D:9      | Killed Joseph the soldier ant
  6079 | D:9      | Reached skill level 8 in Unarmed Combat
  6098 | D:9      | Noticed Erica
  6117 | D:9      | Killed Erica
  6117 | D:9      | Reached **** piety under Okawaru
  6117 | D:9      | Reached skill level 5 in Armour
  6252 | D:9      | Reached XP level 10. HP: 90/96 MP: 12/12
  6326 | D:9      | Identified Notol's Collected Works on Boosting Slavery
  6405 | D:9      | Reached skill level 1 in Maces & Flails
  7002 | D:8      | Reached skill level 9 in Unarmed Combat
  7092 | D:8      | Reached ***** piety under Okawaru
  7117 | D:8      | Reached skill level 5 in Invocations
  7238 | D:8      | Found an ancient bone altar of Kikubaaqudgha.
  7328 | D:8      | Found a stormy altar of Qazlal.
  7444 | D:8      | Found an opulent altar of Gozag.
  7446 | D:8      | Found Nadyij's Armour Shop.
  7497 | D:7      | Identified 3 scrolls of acquirement
  7547 | D:7      | Noticed Pikel
  7566 | D:7      | Killed Pikel
  7566 | D:7      | Reached skill level 1 in Evocations
  8387 | D:11     | Found a staircase to the Lair.
  8407 | D:11     | Reached skill level 10 in Unarmed Combat
  8615 | D:11     | Noticed a green ugly thing
  8744 | D:11     | Noticed a cyclops
  8777 | D:11     | Killed a cyclops
  8984 | D:11     | Reached XP level 11. HP: 105/105 MP: 13/13
  8999 | D:11     | Noticed a green ugly thing
  9012 | D:11     | Killed a cyan ugly thing
  9012 | D:11     | Reached skill level 1 in Transmutations
  9016 | D:11     | Killed a purple ugly thing
  9082 | D:11     | Identified the cursed +0 whip "Aporuick" {flame, rF+}
  9415 | D:12     | Found a portal to a secret trove of treasure.
  9536 | D:12     | Noticed a white ugly thing
  9545 | D:12     | Killed a white ugly thing
  9989 | D:13     | Reached ****** piety under Okawaru
  9990 | D:13     | Noticed a +3 long sword
  9991 | D:13     | Noticed a +5 long sword
  9996 | D:13     | Killed a +3 long sword
 10012 | D:13     | Killed a +5 long sword
 10012 | D:13     | Received a gift from Okawaru
 10012 | D:13     | Reached skill level 11 in Unarmed Combat
 10030 | D:13     | Found a gate to the Vaults.
 10082 | D:13     | Found a frozen archway.
 10098 | IceCv    | Entered an ice cave
 10124 | IceCv    | Reached skill level 1 in Hexes
 10189 | IceCv    | Found the +5 demon whip "Spellbinder" {antimagic, MR+}
 10428 | IceCv    | Reached XP level 12. HP: 50/119 MP: 14/14
 10708 | IceCv    | Noticed a frost giant
 10716 | IceCv    | Received a gift from Okawaru
 10735 | IceCv    | Killed a frost giant
 10735 | IceCv    | Reached skill level 12 in Unarmed Combat
 10789 | IceCv    | Got a fine cloak
 10793 | IceCv    | Got a scintillating marble ring
 10864 | D:13     | Identified the ring of Meuwn {Ice Int+4 SInv} (You found it
                  | in an ice cave)
 10875 | D:13     | Identified the cursed +0 cloak "Caabbiu" {rElec Int+4} (You
                  | found it in an ice cave)
 11183 | D:13     | Noticed a centaur warrior
 11188 | D:13     | Noticed a death knight
 11413 | Lair:1   | Entered Level 1 of the Lair of Beasts
 11534 | Lair:1   | Received a gift from Okawaru
 11734 | Lair:1   | Noticed Urug
 11760 | Lair:1   | Killed Urug
 12141 | Lair:1   | Found a blossoming altar of Fedhas.
 12630 | Lair:2   | Noticed a seven-headed hydra
 12654 | Lair:2   | HP: 3/123 [seven-headed hydra (5)]
 12654 | Lair:2   | Mangled by a seven-headed hydra

Skill      XL: |  1  2  3  4  5  6  7  8  9 10 11 12 |
---------------+-------------------------------------+-----
Dodging        | 3 4 5 |  5.0
Fighting       | 3 4 5 6 7 9 |  9.2
Unarmed Combat | 3 4 5 7 8 10 11 12 | 12.8
Armour         | 3 5 6 |  6.9
Spellcasting   | 2 |  2.6
Invocations    | 3 5 |  5.0
Maces & Flails | 2 |  2.5
Evocations     | 2 |  2.5
Transmutations | 2 |  2.5
Hexes          | 2 |  2.5
Shields        | |  2.4

Action                   |  1- 3 |  4- 6 |  7- 9 | 10-12 || total
-------------------------+-------+-------+-------+-------++-------
Melee: Unarmed           |   110 |   222 |   309 |   727 ||  1368
       Punch             |       |     3 |     4 |    33 ||    40
       Whip              |       |       |       |    13 ||    13
Invok: Heroism           |       |       |       |     4 ||     4
Evoke: Wand              |       |       |    12 |    11 ||    23
  Use: Scroll            |       |     5 |    14 |    21 ||    40
       Potion            |       |       |     4 |     6 ||    10
  Eat: Chunk             |    17 |    18 |    28 |    55 ||   118
Armor: Robe              |    39 |       |       |       ||    39
       Fire dragon scale |    14 |    95 |   189 |   441 ||   739
       Pearl dragon scal |       |       |       |   155 ||   155
Dodge: Dodged            |    46 |    75 |   138 |   455 ||   714
